 Dungeon Crawl Stone Soup version 0.29-a0-360-g8ed1089bbe (webtiles) character file.

Game seed: 17848615340117814951

57 Zatoro the Skirmisher (level 3, -1/30 HPs)
             Began as a Demonspawn Chaos Knight on Apr 29, 2022.
             Was a Plaything of Xom.
             Slain by a gnoll
             ... wielding a +0 whip
              (3 damage)
             ... on level 2 of the Dungeon.
             The game lasted 00:20:49 (1385 turns).

Zatoro the Skirmisher (Demonspawn Chaos Knight)     Turns: 1385, Time: 00:20:49

Health: -1/30      AC: 11    Str: 14    XL:     3   Next: 73%
Magic:  3/3        EV: 11    Int: 13    God:    Xom [.....*]
Gold:   64         SH:  0    Dex: 12    Spells: 2/2 levels left

rFire   + . .      SeeInvis .   a - +0 spear (chaos)
rCold   + . .      Faith    .   (no shield)
rNeg    . . .      Spirit   .   b - +2 leather armour
rPois   +          Reflect  .   (no helmet)
rElec   +          Harm     .   (no cloak)
rCorr   +          Rampage  .   (no gloves)
Will    .....                   (no boots)
Stlth   +.........              (no amulet)
HPRegen 0.10/turn               (no ring)
MPRegen 0.08/turn               (no ring)

@: resistant, sanguine armoured
A: sanguine armour 1, poison resistance
a: Renounce Religion


You were on level 2 of the Dungeon.
You worshipped Xom.
You were Xom's teddy bear.
You visited 1 branch of the dungeon, and saw 2 of its levels.

You collected 64 gold pieces.

Inventory:

Hand Weapons
 a - a +0 spear of chaos (weapon)
Missiles
 f - 26 stones
 i - a throwing net
Armour
 b - a +2 leather armour (worn)
Scrolls
 d - a scroll of fog {unknown}
 e - 3 scrolls of identify {unknown}
Miscellaneous
 c - a piece from Xom's chessboard (14/15) (quivered)


   Skills:
 * Level 3.7 Fighting
 + Level 3.3 Polearms
 + Level 2.0 Armour
 + Level 1.0 Dodging
 * Level 1.0 Stealth


You had 2 spell levels left.
You didn't know any spells.
Your spell library contained the following spells:

 Spells                   Type           Power      Damage    Failure   Level
 Pain                     Necr           0%         1d4       36%         1
 Agony                    Necr           0%         N/A       100%        5
 Excruciating Wounds      Necr           0%         N/A       100%        5


Dungeon Overview and Level Annotations

Branches:
Dungeon (2/15)

Altars:

Shops:
D:1 (*((   D:2 ((


Innate Abilities, Weirdness & Mutations

When seriously injured, your blood forms armour. (AC +6)
Your system is resistant to poisons. (rPois)


Message History

You hit the gnoll.
The gnoll flickers and vanishes!
Deactivating autopickup; reactivate with Ctrl-A.
Xom thinks this is hilarious!
Something hits you but does no damage.
The gnoll hits you from afar with a +0 halberd.
You closely miss something. Something hits you but does no damage.
The gnoll barely misses you.
You barely miss something. Something hits you.
* * * LOW HITPOINT WARNING * * *
The gnoll hits you from afar with a +0 halberd.
* * * LOW HITPOINT WARNING * * *
It was a potion of resistance.
You feel protected.
Xom roars with laughter!
The gnoll misses you. Something hits you but does no damage.
You make a move on Xom's chessboard...
The gnoll twists and deforms.
Something hits you.
* * * LOW HITPOINT WARNING * * *
The gnoll barely misses you.
You feel protected. Something hits you but does no damage.
The gnoll hits you from afar with a +0 halberd.
* * * LOW HITPOINT WARNING * * *
You completely miss something. You punch something.
Something hits you but does no damage. The gnoll closely misses you.
You closely miss something. Something hits you.
* * * LOW HITPOINT WARNING * * *
The gnoll misses you.
You hit something. Something hits you but does no damage.
The gnoll hits you but does no damage.
You closely miss something. Something hits you but does no damage.
The gnoll hits you but does no damage.
You barely miss something. Something hits you.
* * * LOW HITPOINT WARNING * * *
The gnoll hits you but does no damage.
It was a potion of mutation.
You feel extremely strange.
You feel frail. The antennae on your head shrink away.
You feel resistant to poisons. The gnoll closely misses you.
Something hits you.
You die...

.###l#.. ....#.#
#...#...# ...g#.#
#.#.#$### #.#..#...
.## #).#.# #.#.....
#..#..#..
....#..#.###.#.#.#
#...#....
.#...............#
#.#..#.).
...<..........g###
#..#..#..
.............#g#
#...#....
.....$##.#####{#
#.#..#... ........$#
#@# #..#..#..
.#############.######
#........
######.........[.#
.###....
#.....<.....####.##
##.[.
#.####.####........
##.. #.# ######.##
#.. #.####.##### #..
#.!........# #..
######.###.# #..


You could see 2 gnolls.

Vanquished Creatures
  A gnoll (D:2)
  2 adders (D:2)
  A worm (D:2)
  2 bats
  4 endoplasms (D:2)
  A goblin (D:2)
  2 hobgoblins (D:1)
  2 jackals (D:2)
  3 kobolds
  2 quokkas (D:1)
  3 ball pythons (D:1)
  2 frilled lizards (D:2)
  3 rats
28 creatures vanquished.

Notes
Turn   | Place    | Note
-------+----------+-------------------------------------------
     0 | D:1      | Zatoro the Demonspawn Chaos Knight began the quest for the
                  | Orb.
     0 | D:1      | Reached XP level 1. HP: 18/18 MP: 1/1
   109 | D:1      | XOM: divination: detect items
   156 | D:1      | XOM is BORED!
   156 | D:1      | XOM: silly message
   218 | D:1      | Found Muocrif's Antique Weapon Shop.
   253 | D:1      | XOM: divination: magic mapping
   268 | D:1      | Found Koja's Antique Weapon Boutique.
   278 | D:1      | Found Rolumoel's Antique Weapon Shoppe.
   312 | D:1      | XOM: 1-stop teleportation journey
   332 | D:1      | Gained mutation: When seriously injured, your blood forms
                  | armour. (AC +6) [demonic ancestry]
   332 | D:1      | Reached XP level 2. HP: 18/24 MP: 2/2
   333 | D:1      | XOM: give mutation
   333 | D:1      | Gained mutation: You are robust. (+10% HP) [Xom's grace]
   567 | D:1      | Found Anukleog's General Store.
   891 | D:2      | XOM: 2-stop teleportation journey
   923 | D:2      | XOM: cloud trail
   995 | D:2      | Found Geymoa's Weapon Emporium.
  1002 | D:2      | Reached XP level 3. HP: 24/31 MP: 3/3
  1132 | D:2      | XOM: give mutation
  1132 | D:2      | Gained mutation: You have a pair of small antennae on your
                  | head. [Xom's grace]
  1280 | D:2      | Reached skill level 1 in Dodging
  1280 | D:2      | Reached skill level 1 in Stealth
  1304 | D:2      | Found Rafutij's Weapon Shop.
  1304 | D:2      | XOM: 3-stop teleportation journey
  1383 | D:2      | HP: 1/33 [something (2)]
  1385 | D:2      | Lost mutation: You are robust. (+10% HP) [potion of
                  | mutation]
  1385 | D:2      | Lost mutation: You have a pair of small antennae on your
                  | head. [potion of mutation]
  1385 | D:2      | Gained mutation: Your system is resistant to poisons.
                  | (rPois) [potion of mutation]
  1385 | D:2      | Slain by a gnoll

Illustrated notes

Levels and vault maps discovered:
D:1:      nagdon_arrival_double_spiral, layout_loops_cross, serial_shops,
          nicolae_shop_temple_entry_statues_fountains,
          nicolae_shop_hallway_stairs, nicolae_lakefront_shop, shop
D:2:      layout_loops_ring, serial_shops, nicolae_shop_bloodbath_and_beyond,
          shop, ebering_ecumenical_altar_webs, minmay_misc_feat_diagonals

Skill      XL: |  1  2  3 |
---------------+----------+-----
Polearms       | 3 |  3.3
Dodging        | 1 |  1.0
Stealth        | 1 |  1.0
Armour         | 2 |  2.0
Fighting       | |  3.7

Action                   || total
-------------------------++-------
Melee: Spear             ||    91
       Punch             ||     2
Evoke: Piece from Xom's  ||     1
  Use: Potion            ||     3
 Stab: Paralysed         ||     1
       Sleeping          ||     1
Armor: Leather armour    ||    29
Dodge: Dodged            ||    46

Table legend: (Time is in decaauts)
 A = Elapsed time spent in this place.
 B = Non-inter-level travel time spent in this place.
 C = Inter-level travel time spent in this place.
 D = Time resting spent in this place.
 E = Time spent auto-exploring this place.
 F = Levels seen in this place.
 G = Mean time per level.
                   A        B        C        D        E       F      G
               +--------+--------+--------+--------+--------+-----+--------+
         Total |   1379 |   1285 |     94 |    127 |    894 |   2 |  689.5 |
       Dungeon |   1379 |   1285 |     94 |    127 |    894 |   2 |  689.5 |
               +--------+--------+--------+--------+--------+-----+--------+

Top non-repeatable levels by time:
     D:1: 854 daAuts
     D:2: 525 daAuts
